 Dungeon Crawl Stone Soup version 0.26-a0-491-g70697cc071 (webtiles) character file.

Game seed: 10240276386309257096

45 KristoblXynda the Ducker (level 3, -2/31 HPs)
             Began as a Troll Hedge Wizard on Aug 5, 2020.
             Slain by a worker ant (7 damage)
             ... on level 2 of the Dungeon.
             The game lasted 00:01:14 (791 turns).

KristoblXynda the Ducker (Troll Hedge Wizard)        Turns: 791, Time: 00:01:14

Health: -2/31      AC:  6    Str: 18    XL:     3   Next: 42%
Magic:  5/5        EV: 10    Int: 11    God:
Gold:   50         SH:  0    Dex:  9    Spells: 5/6 levels left

rFire    . . .     SeeInvis .     - Unarmed
rCold    . . .     Faith    .   (no shield)
rNeg     . . .     Spirit   .   b - +0 robe
rPois    .         Reflect  .   c - +0 hat
rElec    .         Harm     .   (no cloak)
rCorr    .                      (gloves unavailable)
MR       .....                  (boots unavailable)
Stlth    +.........             (no amulet)
HPRegen  0.50/turn              (no ring)
MPRegen  0.09/turn              (no ring)

@: lethally poisoned (-2 -> -4)
A: large, unfitting armour, claws 3, regeneration 1, shaggy fur 1, tough skin 3
a: no special abilities


You were on level 2 of the Dungeon.
You visited 1 branch of the dungeon, and saw 2 of its levels.

You collected 50 gold pieces.

Inventory:

Armour
 b - a +0 robe (worn)
 c - a +0 hat (worn)
Jewellery
 g - an uncursed ring of fire {unknown}
 j - a cursed amulet of inaccuracy {unknown}
Scrolls
 d - a scroll of enchant weapon {unknown}
 f - a scroll of remove curse {unknown}
 h - 4 scrolls of identify {unknown}
 k - a scroll of teleportation {unknown}
Potions
 a - 2 potions of heal wounds {unknown}
 e - 4 potions of flight {unknown}
 i - a potion of might {unknown}
 l - 2 potions of curing {unknown}


   Skills:
 + Level 2.2 Dodging
 - Level 1.0 Stealth
 + Level 1.6 Unarmed Combat
 - Level 2.0 Spellcasting
 + Level 1.4 Conjurations
   Level 0.6 Summonings
   Level 0.6 Translocations


You had 5 spell levels left.
You knew the following spells:

 Your Spells              Type           Power        Failure   Level
a - Magic Dart            Conj           #...         16%         1

Your spell library contained the following spells:

 Spells                   Type           Power        Failure   Level
 Blink                    Tloc           N/A          34%         2
 Call Imp                 Summ           #.......     34%         2
 Slow                     Hex            #.......     41%         2
 Conjure Flame            Conj/Fire      #.......     54%         3
 Mephitic Cloud           Conj/Pois/Air  #.......     58%         3


Dungeon Overview and Level Annotations

Branches:
Dungeon (2/15)

Altars:
Dithmenos
Sif Muna


Innate Abilities, Weirdness & Mutations

You are too large for most types of armour.
You have claws for hands.
Your natural rate of healing is unusually fast.
You are covered in fur. (AC +1)
You have extremely tough skin. (AC +3)


Message History

The worker ant bites you but does no damage.
You barely miss the worker ant.
The worker ant is heavily wounded.
The worker ant bites you.
You are more poisoned.
The worker ant poisons you!
You completely miss the worker ant.
The worker ant is heavily wounded.
You feel sick. The worker ant barely misses you.
You closely miss the worker ant.
The worker ant is heavily wounded.
You feel sick. The worker ant barely misses you.
You barely miss the worker ant.
The worker ant is heavily wounded.
You feel sick. The worker ant bites you.
* * * LOW HITPOINT WARNING * * *
You scratch the worker ant.
The worker ant is severely wounded.
You feel sick. The worker ant bites you!
You die...

.#.. ... ##.. #. ...##
#.. ...## #### ###..$
...####.# ...#
.##.....# #a......# #.#
....##..###@.# ##.#
#..###..#..##
##.####...##.....##...
......†...............(
.#.#.#..##.........##..
.#.#.#.####.(†_...##
##.#.#..##†........#
...#.................
####......##.....##...


You could see a worker ant.

Vanquished Creatures
  An adder (D:2)
  2 oozes
  2 leopard geckos (D:1)
  9 bats
  4 goblins
  A quokka (D:2)
  2 ball pythons
  3 kobolds (D:1)
  2 rats (D:1)
26 creatures vanquished.

Notes
Turn   | Place    | Note
-------+----------+-------------------------------------------
     0 | D:1      | KristoblXynda the Troll Hedge Wizard began the quest for
                  | the Orb.
     0 | D:1      | Reached XP level 1. HP: 16/16 MP: 2/2
   127 | D:1      | Reached skill level 1 in Conjurations
   216 | D:1      | Reached XP level 2. HP: 24/24 MP: 4/4
   280 | D:1      | Reached skill level 1 in Unarmed Combat
   658 | D:2      | Found a faded altar of an unknown god.
   677 | D:2      | Reached XP level 3. HP: 31/31 MP: 5/5
   685 | D:2      | Found a shimmering blue altar of Sif Muna.
   738 | D:2      | Found a shadowy altar of Dithmenos.
   791 | D:2      | Slain by a worker ant

Illustrated notes

Levels and vault maps discovered:
D:1:      minmay_arrival_five_plusses, layout_loops_ring, serial_bayou_pond_e,
          minmay_pentomino_z2
D:2:      layout_rooms, nicolae_overflow_crystal_walls,
          chequers_ecumenical_altar_island, nicolae_dithmenos_shadow_blocks

Skill      XL: |  1  2 |
---------------+-------+-----
Conjurations   | 1 |  1.4
Unarmed Combat | 1 |  1.6
Dodging        | 2 |  2.2
Stealth        | |  1.0
Spellcasting   | |  2.0
Summonings     | |  0.6
Translocations | |  0.6

Action                   || total
-------------------------++-------
Melee: Unarmed           ||    76
 Stab: Sleeping          ||     2
Armor: Robe              ||    38
Dodge: Dodged            ||    42

Table legend: (Time is in decaauts)
 A = Elapsed time spent in this place.
 B = Non-inter-level travel time spent in this place.
 C = Inter-level travel time spent in this place.
 D = Time resting spent in this place.
 E = Time spent auto-exploring this place.
 F = Levels seen in this place.
 G = Mean time per level.
                   A        B        C        D        E       F      G
               +--------+--------+--------+--------+--------+-----+--------+
         Total |    790 |    771 |     19 |      4 |    530 |   2 |  395.0 |
       Dungeon |    790 |    771 |     19 |      4 |    530 |   2 |  395.0 |
               +--------+--------+--------+--------+--------+-----+--------+

Top non-repeatable levels by time:
     D:1: 637 daAuts
     D:2: 153 daAuts
